 Dungeon Crawl Stone Soup version 0.21-a0-50-g941c862 (webtiles) character file.

724 graymark the Skirmisher (level 7, -7/54 HPs)
             Began as a Demonspawn Wanderer on June 11, 2017.
             Mangled by an orc warrior
             ... wielding a +2 short sword of protection
              (14 damage)
             ... on level 4 of the Dungeon.
             The game lasted 00:16:12 (4670 turns).

graymark the Skirmisher (Demonspawn Wanderer)       Turns: 4670, Time: 00:16:13

Health: -7/54      AC:  5    Str: 12    XL:     7   Next: 43%
Magic:  12/12      EV: 10    Int: 13    God:
Gold:   312        SH:  0    Dex: 15    Spells: 12/13 levels left

rFire    . . .     SeeInvis .   a - +3 shortbow
rCold    . . .     Gourm    .   (shield currently unavailable)
rNeg     . . .     Faith    .   n - +0 leather armour
rPois    .         Spirit   .   u - +1 helmet
rElec    .         Reflect  .   (no cloak)
rCorr    +         Harm     .   (no gloves)
MR       .....                  (no boots)
Stlth    ++........             (no amulet)
Regen    0.2/turn               m - ring of resist corrosion
MPRegen  0.2/turn               (no ring)

@: no status effects
A: talons 1, powered by death 2, rot immunity
a: no special abilities


You were on level 4 of the Dungeon.
You were not hungry.

You visited 1 branch of the dungeon, and saw 6 of its levels.

You collected 312 gold pieces.

Inventory:

Hand Weapons
 a - a +3 shortbow (weapon)
 p - a +0 longbow
Missiles
 b - 87 arrows (quivered)
 g - 30 bolts
 k - 13 poisoned needles
Armour
 e - a +0 robe
 n - a +0 leather armour (worn)
 u - a +1 helmet (worn)
Jewellery
 m - a ring of resist corrosion (left hand)
Wands
 r - a wand of lightning (0/15)
 s - a wand of confusion (29/48)
Scrolls
 o - a scroll of fear
 v - 2 scrolls of teleportation {unknown}
 y - a scroll of remove curse
Potions
 h - a potion of lignification
 i - 3 potions of agility
 j - 2 potions of haste
 q - 2 potions of brilliance
 t - a potion of invisibility {unknown}
 x - a potion of magic {unknown}
Books
 c - Jeufoch's Tome of Envenoming

   Spells                             Type                      Level
   a - Sting                          Conjuration/Poison           1
   b - Ignite Poison                  Fire/Transmutation/Poison    3
Comestibles
 f - 4 bread rations
 l - 4 meat rations
 w - 3 fruits
 z - a royal jelly


   Skills:
 + Level 4.2 Fighting
 + Level 4.1 Bows
 - Level 1.0 Throwing
 - Level 1.0 Armour
 + Level 3.9 Stealth
 + Level 3.8 Spellcasting
   Level 1.0 Hexes
   Level 1.0 Charms
 - Level 1.0 Evocations


You had 12 spell levels left.
You knew the following spells:

 Your Spells              Type           Power        Failure   Level  Hunger
a - Sting                 Conj/Pois      #...         26%         1    None


Dungeon Overview and Level Annotations

Branches:
Dungeon (6/15)
 Temple: D:4-7

Altars:
Nemelex Xobeh
Vehumet
The Shining One

Shops:
D:4 (

Annotations:
D:3 graymark's ghost, weakling DsWn


Innate Abilities, Weirdness & Mutations

You have sharp toenails.
You regenerate health from kills.
You are immune to rotting.


Message History

The orc wizard gestures wildly while chanting.
The orc wizard blinks!
There is a stone staircase leading up here.
The orc warrior hits you with a short sword of protection!
You climb upwards.
There is a stone staircase leading down here.
The orc warrior hits you with a short sword of protection.
The orc warrior closely misses you.
The gnoll shouts!
The orc warrior hits you with a short sword of protection.
* * * LOW HITPOINT WARNING * * *
The orc warrior hits you with a short sword of protection!
* * * LOW HITPOINT WARNING * * *
You see here 20 sling bullets.
The orc warrior hits you but does no damage.
There is a stone staircase leading up here.
You climb upwards.
There is a stone staircase leading down here.
The orc warrior hits you with a short sword of protection!
You die...

#######
#######################
......#
#......................
......#
#......................
......#
#.....@................
......#
#....o.................
......#
#.)....................
..#####
#.>....................
..#
#......................
..#
#[.....................
###
#......................
#...>..................
#......................


You could see an orc warrior.

Vanquished Creatures
  Sigmund (D:3)
  An ice beast (D:6)
  A centaur (D:5)
  A scorpion (D:6)
  A howler monkey (D:4)
  A crimson imp (D:6)
  An orc priest (D:4)
  A hound (D:6)
  A gnoll shaman (D:4)
  Natasha (twice) (D:4)
  A hound skeleton (D:4)
  3 gnolls
  2 adders
  2 oozes
  A dart slug (D:3)
  3 leopard geckos
  7 orcs
  2 giant cockroaches (D:1)
  5 goblins
  9 hobgoblins
  4 jackals
  4 quokkas
  4 bats (D:1)
  2 frilled lizards (D:2)
  A jackal zombie (D:5)
  4 kobolds
  A leopard gecko skeleton (D:4)
  A quokka skeleton (D:4)
  A quokka zombie (D:5)
  9 rats
77 creatures vanquished.

Vanquished Creatures (others)
  A jackal (D:3)
1 creature vanquished.

Grand Total: 78 creatures vanquished

Notes
Turn   | Place    | Note
-------+----------+-------------------------------------------
     0 | D:1      | graymark the Demonspawn Wanderer began the quest for the Orb.
     0 | D:1      | graymark set off with: a +2 shortbow, 28 arrows, Jeufoch's Tome of Envenoming, a potion of curing, a +0 robe, a bread ration
     0 | D:1      | Reached XP level 1. HP: 16/16 MP: 2/2
     0 | D:1      | Identified Jeufoch's Tome of Envenoming
     2 | D:1      | Noticed a ghoul
     2 | D:1      | Noticed a felid
     4 | D:1      | Noticed a human
     4 | D:1      | Noticed a merfolk
     6 | D:1      | Noticed a gargoyle
     6 | D:1      | Noticed a spriggan
     8 | D:1      | Noticed a vine stalker
    10 | D:1      | Noticed a naga
    10 | D:1      | Noticed a formicid
    12 | D:1      | Noticed a minotaur
    12 | D:1      | Noticed a demonspawn
    14 | D:1      | Noticed an elf
    14 | D:1      | Noticed a tengu
    16 | D:1      | Noticed an ogre
    16 | D:1      | Noticed a halfling
    18 | D:1      | Noticed a vampire
    20 | D:1      | Noticed a troll
    20 | D:1      | Noticed a centaur
    22 | D:1      | Noticed an octopode
    22 | D:1      | Noticed a dwarf
    24 | D:1      | Noticed a draconian
    26 | D:1      | Noticed a demigod
    81 | D:1      | Gained mutation: You regenerate a little health from kills. [demonic ancestry]
    81 | D:1      | Reached XP level 2. HP: 22/22 MP: 4/4
   359 | D:1      | Reached skill level 1 in Stealth
  1164 | D:2      | Reached XP level 3. HP: 27/27 MP: 5/5
  1267 | D:2      | Learned a level 1 spell: Sting
  1486 | D:3      | Noticed Sigmund
  1572 | D:3      | Noticed graymark's ghost (weakling DsWn)
  1735 | D:3      | HP: 1/28 [graymark's ghost (4)]
  2320 | D:3      | Found a radiant altar of Vehumet.
  2655 | D:3      | Killed Sigmund
  2655 | D:3      | Gained mutation: You have sharp toenails. [demonic ancestry]
  2655 | D:3      | Reached XP level 4. HP: 33/35 MP: 6/8
  2655 | D:3      | Reached XP level 5. HP: 39/41 MP: 6/9
  2655 | D:3      | HP: 2/41 [hobgoblin/exploding inner flame[the player character] (37)]
  2817 | D:4      | Noticed Natasha
  2822 | D:4      | Killed Natasha
  2866 | D:4      | Found Nuc Zer's Antique Weapon Shop.
  2879 | D:4      | Gained mutation: You are immune to rotting. [demonic ancestry]
  2879 | D:4      | Reached XP level 6. HP: 47/47 MP: 10/10
  3481 | D:4      | Noticed Natasha
  3485 | D:4      | Killed Natasha
  3660 | D:5      | Entered Level 5 of the Dungeon
  3929 | D:5      | Found a sparkling altar of Nemelex Xobeh.
  4030 | D:5      | Gained mutation: You regenerate health from kills. [demonic ancestry]
  4030 | D:5      | Reached XP level 7. HP: 33/53 MP: 10/12
  4231 | D:5      | Found a glowing golden altar of the Shining One.
  4670 | D:4      | Mangled by an orc warrior

Vault maps used:
D:1:      kb_arrival_jail
D:2:      minmay_goblin_kobold_house
D:3:      fiery_altar_vehumet, kennysheep_generic_room_12, uniq_sigmund
D:4:      serial_shops, nicolae_shop_overgrown_old_shop,
          minmay_misc_feat_pillars, minmay_surrounded, uniq_natasha
D:5:      lemuel_round_altar, first_bread, tso_altar
D:6:      xom_butterflies, cheibriados_altar_1, marbit_many_paths

Skill      XL: |  1  2  3  4  5  6  7 |
---------------+----------------------+-----
Bows           | 2 3 4 |  4.1
Stealth        | 1 2 3 |  3.9
Spellcasting   | 2 3 |  3.8
Fighting       | 3 4 |  4.2
Throwing       | |  1.0
Armour         | |  1.0
Hexes          | |  1.0
Charms         | |  1.0
Evocations     | |  1.0

Action                   |  1- 3 |  4- 6 |  7- 9 || total
-------------------------+-------+-------+-------++-------
 Fire: Shortbow          |    99 |    79 |    49 ||   227
Evoke: Wand              |     1 |     1 |     1 ||     3
  Use: Scroll            |     8 |     2 |     1 ||    11
       Potion            |       |     1 |     1 ||     2
  Eat: Chunk             |     4 |     4 |     3 ||    11
Armor: Robe              |     2 |       |       ||     2
       Leather armour    |     9 |     2 |     5 ||    16
Dodge: Dodged            |    22 |    18 |    13 ||    53
